Map: Lost and Found LE

Players

Geralt (Gerald)

  • Race: Protoss Protoss
  • League: Grandmaster
  • Spawn Location: 1:00

Zanster - Winner!

  • Race: Zerg Zerg
  • League: Master
  • Spawn Location: 7:00

Event: HomeStory Cup XVII

VOD

Have the link to the VOD?

Description

Time

  • Played on: June 29, 2018, 5:04 p.m.
  • Length: 4:07

All games in this series

Show
View Real Time Build Order
Export as new Build Order

Geralt Protoss 

Build Orders: 1 Gate Expand, Oracle Opening 

Get SALT Encoding   

  12  0:00  Probe  
  13  0:12  Probe  
  14  0:19  Pylon  
  14  0:25  Probe  
  14  0:27  Assimilator  
  15  0:33  Probe  
  15  0:42  Probe  
  16  0:45  Gateway  
  17  0:52  Probe  
  19  1:04  Probe  
  19  1:16  Probe  
  20  1:25  Nexus  
  20  1:28  Probe  
  21  1:39  Cybernetics Core  
  21  1:40  Probe  
  22  1:49  Assimilator  
  22  1:52  Pylon  
  22  1:54  Probe  
  23  2:06  Adept  
  23  2:10  Probe  
  26  2:19  Stargate  
  26  2:22  Probe  
  27  2:25  Adept  
  27  2:34  Probe  
  30  2:37  Probe  
  31  2:46  Probe  
  31  2:49  Probe  
  33  2:58  Probe  
  33  3:01  Probe  
  37  3:10  Probe  
  37  3:11  Oracle  
  37  3:12  Gateway  
  38  3:13  Probe  
  38  3:15  Gateway  
  40  3:29  Gateway  
  40  3:30  Pylon  
  37  3:51  Probe  
  40  3:59  Pylon  
Show
View Real Time Build Order
Export as new Build Order

Zanster Zerg - Winner!

Build Orders: Hatch First 

Get SALT Encoding   

  12  0:00  Drone  
  13  0:13  Overlord  
  13  0:17  Drone  
  14  0:31  Drone x2  
  16  0:48  Hatchery  
  15  0:51  Drone  
  15  0:54  Drone  
  17  0:58  Drone  
  18  1:09  Extractor  
  17  1:16  Spawning Pool  
  17  1:17  Drone  
  17  1:21  Drone  
  18  1:28  Drone  
  19  1:39  Drone  
  20  1:50  Overlord  
  20  2:02  Queen  
  20  2:03  Queen  
  20  2:04  Zergling x4  
  26  2:11  Metabolic Boost  
  26  2:15  Zergling x2  
  26  2:16  Zergling x2  
  26  2:22  Zergling x4  
  30  2:34  Zergling x4  
  32  2:50  Hatchery  
  32  2:51  Zergling x4  
  33  2:56  Overlord  
  33  3:03  Zergling x2  
  34  3:06  Zergling x4  
  36  3:15  Zergling x2  
  36  3:16  Zergling x2  
  37  3:20  Zergling x6  
  39  3:29  Zergling x6  
  42  3:34  Zergling x2  
  42  3:38  Overlord  
Tags
 
Add a new tag
Caveats
  • Supply blocks, unpowered buildings, or Contaminate may cause inaccurate times.
  • Supply counts are checked every 10 seconds.